[Event "ISR Youth-Ch Finals 2021 U18"]
[Site "Ramat Hasharon"]
[Date "2021.03.26"]
[Round "9.8"]
[White "Sheinkman, Lidan"]
[Black "Iliaguev, Daniel"]
[Result "1/2-1/2"]
[ECO "E11"]
[WhiteElo "1895"]
[BlackElo "2103"]
[Annotator "NA"]
[PlyCount "120"]
[EventDate "2021.03.19"]
[EventType "swiss"]
[EventCountry "ISR"]
[SourceTitle "playchess.com"]
[Source "ChessBase"]
[SourceQuality "1"]
[TimeControl "5400+30"]

1. d4 e6 2. c4 Nf6 3. g3 d5 4. Nf3 Bb4+ 5. Bd2 Be7 6. Bg2 O-O 7. O-O c6 8. b3 Nbd7 9. Qc2 b6 10. Bc3 Ne4 11. Ne5 Nxe5 12. Bxe4 Ng6 13. Bg2 Ba6 14. Nd2 f5 15. Bb2 Rc8 16. Rac1 Nh8 17. Qb1 Nf7 18. Nf3 g5 19. Ne5 Nxe5 20. dxe5 Qe8 21. Rfd1 Qh5 22. cxd5 cxd5 23. e3 Rxc1 ({Better is} 23... f4 $17 24. Rxc8 Rxc8) 24. Rxc1 Rc8 25. Rxc8+ Bxc8 26. Qc2 Qe8 27. Bd4 Ba6 28. Qc7 Qc8 29. Qxc8+ Bxc8 30. f4 g4 31. Bf1 Bd7 32. Bd3 h5 33. Kf2 h4 34. Ke2 h3 35. a4 Bb4 36. Bb2 $11 Kf8 37. Bc1 a5 38. Bb5 Ke7 39. Bb2 Kd8 40. Bd4 Bc5 41. Kf2 Kc7 42. Ke2 Bc6 43. Kf2 Bb4 44. Ke2 Kb7 45. Kf2 Bxb5 46. axb5 Bc5 47. Ke2 Bxd4 48. exd4 Kc7 49. Kd3 Kb7 50. Kc3 Kc7 51. Kb2 Kb7 52. Ka3 Kc7 53. Ka4 Kb7 54. b4 axb4 55. Kb3 Kc7 56. Kb2 b3 57. Kc1 b2+ 58. Kc2 Kb7 59. Kb1 Kc7 60. Ka2 Kb7 1/2-1/2

[Event "ISR Youth-Ch Finals 2021 U18"]
[Site "Ramat Hasharon"]
[Date "2021.03.26"]
[Round "9.9"]
[White "Sobel, Ido"]
[Black "Cohen Revivo, Shoham"]
[Result "0-1"]
[ECO "B23"]
[WhiteElo "1885"]
[BlackElo "2171"]
[Annotator "ChessBase"]
[PlyCount "66"]
[EventDate "2021.03.19"]
[EventType "swiss"]
[EventCountry "ISR"]
[SourceTitle "playchess.com"]
[Source "ChessBase"]
[SourceQuality "1"]
[TimeControl "5400+30"]

1. e4 c5 2. Nc3 Nc6 3. f4 e6 4. Nf3 d5 5. Bb5 Nge7 6. O-O d4 7. Ne2 a6 8. Bxc6+ Nxc6 9. d3 Be7 10. Ng3 h5 11. e5 b5 12. Ne4 Bb7 13. Bd2 Qd5 14. Qe2 O-O-O 15. Rfc1 h4 16. h3 f5 17. Neg5 Rd7 18. Be1 Bxg5 19. Nxg5 Ne7 20. Qf3 Qxf3 21. gxf3 Rh6 22. Kf2 Nd5 23. Bd2 c4 24. a3 Rc7 25. Rab1 Kb8 26. a4 bxa4 27. Ra1 c3 28. bxc3 dxc3 29. Be3 Bc6 30. Rcb1+ Kc8 31. Bb6 Rb7 32. Be3 Rb2 33. Rc1 Nb4 0-1

[Event "ISR Youth-Ch Finals 2021 U18"]
[Site "Ramat Hasharon"]
[Date "2021.03.26"]
[Round "9.10"]
[White "Levitan, Ronit"]
[Black "Mondri, Nadav"]
[Result "1/2-1/2"]
[ECO "C54"]
[WhiteElo "2048"]
[BlackElo "1803"]
[Annotator "ChessBase"]
[PlyCount "105"]
[EventDate "2021.03.19"]
[EventType "swiss"]
[EventCountry "ISR"]
[SourceTitle "playchess.com"]
[Source "ChessBase"]
[SourceQuality "1"]
[TimeControl "5400+30"]

1. e4 e5 2. Nf3 Nc6 3. Bc4 Bc5 4. c3 Nf6 5. d3 O-O 6. O-O d6 7. Nbd2 Be6 8. Bxe6 fxe6 9. h3 Kh8 10. Re1 Bb6 11. Nf1 Qe8 12. Be3 Nh5 13. Ng5 Qg6 14. Qg4 Rf6 15. Nh2 Raf8 16. Ngf3 Nf4 17. Rad1 Qh6 18. Qg3 Rg6 19. Ng4 Qh5 20. d4 a6 21. dxe5 Nxe5 22. Nfxe5 dxe5 23. Bxf4 exf4 24. Qxf4 Qc5 25. Qd2 Rxg4 26. hxg4 Qxf2+ 27. Qxf2 Bxf2+ 28. Kf1 Bxe1+ 29. Kxe1 h6 30. Rd7 Rf4 31. Rxc7 Rxe4+ 32. Kf2 b5 33. Kf3 Ra4 34. a3 e5 35. Re7 Rf4+ 36. Kg3 Re4 37. Re6 Re2 38. b4 Re3+ 39. Kf2 Rxc3 40. Rxa6 e4 41. g5 hxg5 42. Rg6 Rxa3 43. Rxg5 Rb3 44. Rxb5 Kh7 45. Rb6 g6 46. b5 Kh6 47. Rb8 Kg5 48. b6 Kg4 49. b7 Kg5 50. Ke2 Kg4 51. Kf2 Kg5 52. Kg1 Kg4 53. Kf2 1/2-1/2

[Event "ISR Youth-Ch Finals 2021 U18"]
[Site "Ramat Hasharon"]
[Date "2021.03.26"]
[Round "9.11"]
[White "Neiman, Maks"]
[Black "Sobel, Alon"]
[Result "0-1"]
[ECO "D02"]
[WhiteElo "1993"]
[BlackElo "1825"]
[Annotator "NA"]
[PlyCount "90"]
[EventDate "2021.03.19"]
[EventType "swiss"]
[EventCountry "ISR"]
[SourceTitle "playchess.com"]
[Source "ChessBase"]
[SourceQuality "1"]
[TimeControl "5400+30"]

1. d4 d5 2. Nf3 Nf6 3. Bf4 c5 4. e3 Nc6 5. c3 Qb6 6. Qb3 c4 7. Qc2 Bf5 8. Qc1 Nh5 9. Bg3 h6 10. Nbd2 e6 11. Be2 Nxg3 12. hxg3 Qa5 13. Bd1 Bd6 14. Bc2 Bxc2 15. Qxc2 b5 16. e4 Qc7 17. g4 Bf4 18. g3 Bxd2+ 19. Nxd2 O-O-O 20. Kf1 Qb7 21. a4 b4 22. exd5 exd5 23. b3 Rhe8 24. bxc4 dxc4 25. Rh5 b3 26. Qf5+ Re6 27. Qb5 Nxd4 28. cxd4 Rc6 29. Qxb7+ Kxb7 30. Rb5+ Kc7 31. d5 a6 32. Rb7+ Kxb7 33. dxc6+ Kxc6 34. Nxc4 Kc5 35. Ne5 Rd2 36. Rb1 Kb4 37. Nf3 Rd5 38. a5 Ka3 39. Ra1+ Kb2 40. Ra4 Kc3 41. Ra3 Kb4 42. Ra1 b2 43. Re1 Kb3 44. Re3+ Ka2 45. Re2 Ka1 0-1